 Dungeon Crawl Stone Soup version 0.31-a0-175-g9f7f995f2b (webtiles) character file.

Game seed: 13012941667587918323

2125 Zonian the Grappler (level 9, -5/50 HPs)
             Began as a Vine Stalker Gladiator on June 17, 2023.
             Was a High Priest of Uskayaw.
             Slain by a hornet (11 damage)
             ... on level 7 of the Dungeon.
             The game lasted 00:10:25 (5462 turns).

Zonian the Grappler (Vine Stalker Gladiator)        Turns: 5462, Time: 00:10:25

Health: -5/50      AC:  5    Str: 22    XL:     9   Next: 29%
Magic:  0/10       EV: 13    Int:  8    God:    Uskayaw [*****.]
Gold:   339        SH:  0    Dex: 15    Spells: 8/8 levels left

rFire   . .          .
                       - Unarmed
rCold   . . .        (no shield)
rNeg    + . .        w - +1 leather armour "Gouhynut" {Regen+ rCorr}
rPois   .            b - +0 helmet
rElec   .            (no cloak)
rCorr   +            (no gloves)
SInv    .            (no boots)
Will    +....        (no amulet)
Stlth   +            f - ring of positive energy
HPRegen 1.88/turn    q - ring of resist corrosion
MPRegen 0.12/turn

%: guardian spirit
@: slowed, very slow
A: fangs 3, regeneration 1, magic shield, antimagic bite, no potion heal 2
a: Renounce Religion, Stomp, Line Pass, Grand Finale


You were on level 7 of the Dungeon.
You worshipped Uskayaw.
Uskayaw was noncommittal.
You visited 1 branch of the dungeon, and saw 7 of its levels.

You collected 339 gold pieces.

Inventory:

Hand Weapons
 j - a +4 dagger
 t - the +3 mace of the Several Stars {speed, Will+}
   (You found it on level 3 of the Dungeon)

   Will:      It increases your willpower.
 J - the +5 mace "Kadezauj" {vamp, rCorr Dex+9 Stlth-}
   (You found it on level 6 of the Dungeon)

   Dex:       It affects your dexterity (+9).
   rCorr:     It protects you from acid and corrosion.
   Stlth:     It makes you less stealthy.
Missiles
 c - a throwing net (quivered)
 d - a javelin
Armour
 a - a +0 leather armour
 b - a +0 helmet (worn)
 g - a +0 ring mail
 i - a +0 helmet
 p - a +4 scale mail
 w - the +1 leather armour "Gouhynut" (worn) {Regen+ rCorr}
   (You found it on level 4 of the Dungeon)

   Regen:     It increases your rate of health regeneration.
   rCorr:     It protects you from acid and corrosion.
Jewellery
 f - a ring of positive energy (left hand)
 q - a ring of resist corrosion (right hand)
 F - an amulet of reflection
Wands
 s - a wand of digging (4)
 x - a wand of flame (25)
 B - a wand of roots (6)
 H - a wand of light (13)
Scrolls
 e - a scroll of fog {unknown}
 k - 2 scrolls of revelation
 l - a scroll of enchant weapon {unknown}
 m - 5 scrolls of teleportation
 r - a scroll of amnesia {unknown}
 u - a scroll of blinking {unknown}
 y - a scroll of acquirement {unknown}
 D - a scroll of torment {unknown}
 I - a scroll of poison {unknown}
Potions
 h - a potion of heal wounds
 n - a potion of mutation
 o - 2 potions of lignification
 v - a potion of invisibility {unknown}
 z - 2 potions of attraction
 A - a potion of magic {unknown}
 C - 2 potions of degeneration
 E - a potion of resistance {unknown}
 G - a potion of curing
 K - a potion of berserk rage {unknown}


   Skills:
 + Level 7.1 Fighting
 - Level 3.9 Throwing
 - Level 4.0 Dodging
 + Level 8.1 Unarmed Combat


You had 8 spell levels left.
You didn't know any spells.
Your spell library contained the following spells:

 Spells                   Type           Power      Damage    Failure   Level
 Necrotise                Necr           0%         1d4       45%         1
 Vampiric Draining        Necr           0%         2d6       83%         3
 Volatile Blastmotes      Fire/Tloc      0%         2d10      83%         3
 Cause Fear               Hex            0%         N/A       99%         4
 Fulminant Prism          Conj/Hex       0%         3d5       99%         4
 Iskenderun's Mystic Bla  Conj/Tloc      0%         2d3       99%         4
 Leda's Liquefaction      Hex/Erth       0%         N/A       99%         4
 Agony                    Necr           0%         N/A       100%        5
 Lee's Rapid Deconstruct  Erth           0%         3d4*      100%        5
 Leda's Unmaking          Conj/Erth      0%         9d1       100%        6
 Statue Form              Tmut/Erth      0%         N/A       100%        6
 Dragon Form              Tmut           0%         N/A       100%        7
 Dragon's Call            Summ           0%         N/A       100%        9


Dungeon Overview and Level Annotations

Branches:
Dungeon (7/15)             Temple (0/1) D:5

Altars:
Elyvilon
Kikubaaqudgha
Okawaru
Ru
Uskayaw

Shops:
D:3 (


Innate Abilities, Weirdness & Mutations

You have razor-sharp teeth.
Your natural rate of healing is unusually fast.
When hurt, damage is shared between your health and your magic reserves.
Your bite disrupts and absorbs the magic of your enemies.
Potions cannot restore your health.


Message History

The hornet closely misses you. The gnoll barely misses you.
You can now merge with and destroy a victim.
Okay, then.
Okay, then.
You hit the hornet. Your punch misses the hornet.
The hornet is moderately wounded.
You feel very sick. The hornet closely misses you.
The gnoll hits you with a +0 club. The hornet stings you.
You feel as though you will be slow longer.
The gnoll barely misses you.
You hit the hornet. Your bite misses the hornet.
The hornet is heavily wounded.
You feel sick. The hornet stings you!
* * * LOW HITPOINT WARNING * * *
You feel as though you will be slow longer.
The hornet stings you!
* * * LOW HITPOINT WARNING * * *
You are more poisoned.
You feel as though you will be slow longer.
A gnoll comes into view. It is wielding a +0 club.
The gnoll barely misses you.
Your system rejects the healing.
You feel better.
The gnoll is no longer moving quickly.
The hornet stings you but does no damage.
The hornet stings you.
* * * LOW HITPOINT WARNING * * *
You feel as though you will be slow longer.
The gnoll hits you but does no damage.
Okay, then.
Aiming: Fastroot
Press: ? - help, Shift-Dir - straight line, f - you The roots erupt in riotous growth!
Roots grab the gnoll.
Roots grab the hornet.
The grasping roots constrict the hornet.
The grasping roots constrict the gnoll.
The roots release their grip on the hornet.
The roots release their grip on the gnoll.
The hornet stings you!
You die...

..# #.# .. #.##.# #.
#.# #.##.. ##.####.#
#.##g#
..$.##.###.##.# # .
#.#.#.......#.###.###
.#
#.#.#.#"##..#@g....."
.#
#.....#.##..#y)#####.
.# #.........?†#).#
.# ##....#.###††..#
)#####.#.#.# ###..#
.........#.### #..#
...))......... .....
.##.####.##### ......
.##.# #.# .####)#


You could see a hornet and 2 gnolls.

Vanquished Creatures
  Sigmund (D:5)
  A wyvern (D:7)
  Eustachio (D:5)
  A steam dragon (D:6)
  A water moccasin (D:5)
  An ice beast (D:6)
  An ogre (D:5)
  2 phantoms (D:6)
  A kobold brigand (D:7)
  Blork the orc (D:4)
  A bullfrog (D:6)
  3 scorpions (D:4)
  3 howler monkeys (D:7)
  4 hounds
  A jelly (D:6)
  3 gnoll boudas
  A sleepcap (D:5)
  4 orc wizards
  An iguana (D:4)
  14 gnolls
  3 adders
  2 white imps
  2 worms
  4 dart slugs
  13 orcs
  7 bats
  3 endoplasms
  3 giant cockroaches
  6 goblins
  6 hobgoblins
  A quokka (D:2)
  3 frilled lizards
  8 kobolds
  5 rats
112 creatures vanquished.

Notes
Turn   | Place    | Note
-------+----------+-------------------------------------------
     0 | D:1      | Zonian the Vine Stalker Gladiator began the quest for the
                  | Orb.
     0 | D:1      | Reached XP level 1. HP: 11/11 MP: 2/2
   224 | D:1      | Reached XP level 2. HP: 15/15 MP: 3/3
  1327 | D:2      | Found a hide-covered altar of Uskayaw.
  1335 | D:2      | Became a worshipper of Uskayaw the Reveller
  1375 | D:2      | Reached XP level 3. HP: 18/18 MP: 4/4
  1433 | D:3      | Reached * piety under Uskayaw
  2061 | D:3      | Identified the +3 mace of the Several Stars {speed, Will+}
  2392 | D:3      | Found Cuiciuf's Antique Weapon Shoppe.
  2451 | D:4      | Reached ** piety under Uskayaw
  2453 | D:4      | Reached *** piety under Uskayaw
  2541 | D:4      | Gained mutation: Your natural rate of healing is unusually
                  | fast. [Vine Stalker growth]
  2541 | D:4      | Reached XP level 4. HP: 23/23 MP: 5/5
  2598 | D:4      | Identified the +1 leather armour "Gouhynut" {Regen+ rCorr}
  2614 | D:4      | Noticed a scorpion
  2629 | D:4      | Reached XP level 5. HP: 17/27 MP: 3/6
  2635 | D:4      | Reached **** piety under Uskayaw
  2637 | D:4      | Reached skill level 4 in Unarmed Combat
  3109 | D:4      | Found an ancient bone altar of Kikubaaqudgha.
  3238 | D:4      | Noticed Blork the orc
  3247 | D:4      | Killed Blork the orc
  3248 | D:4      | Reached XP level 6. HP: 20/32 MP: 4/7
  3455 | D:4      | HP: 1/48 [scorpion (3)]
  3718 | D:5      | Entered Level 5 of the Dungeon
  3718 | D:5      | Noticed a water moccasin
  3730 | D:5      | Killed a water moccasin
  3731 | D:5      | Reached XP level 7. HP: 17/37 MP: 4/8
  3804 | D:5      | Found a staircase to the Ecumenical Temple.
  3818 | D:5      | Found an iron altar of Okawaru.
  3831 | D:5      | Noticed Eustachio
  3866 | D:5      | Reached ***** piety under Uskayaw
  3869 | D:5      | Killed Eustachio
  3870 | D:5      | Reached skill level 5 in Unarmed Combat
  3877 | D:5      | Noticed Sigmund
  3902 | D:5      | Killed Sigmund
  3903 | D:5      | Gained mutation: You have razor-sharp teeth. [Vine Stalker
                  | growth]
  3903 | D:5      | Reached XP level 8. HP: 42/42 MP: 9/9
  3906 | D:5      | Reached ****** piety under Uskayaw
  3998 | D:5      | Reached skill level 5 in Fighting
  3998 | D:5      | Reached skill level 6 in Unarmed Combat
  4613 | D:6      | Reached skill level 7 in Unarmed Combat
  4760 | D:6      | Found a hide-covered altar of Uskayaw.
  4836 | D:6      | Found a sacrificial altar of Ru.
  4927 | D:6      | Found a white marble altar of Elyvilon.
  4995 | D:6      | Identified the +5 mace "Kadezauj" {vamp, rCorr Dex+9
                  | Stlth-}
  5009 | D:6      | Reached XP level 9. HP: 49/49 MP: 10/10
  5296 | D:7      | Reached skill level 8 in Unarmed Combat
  5450 | D:7      | Noticed a hornet
  5462 | D:7      | Slain by a hornet

Illustrated notes

Levels and vault maps discovered:
D:1:      minmay_arrival_diagonal_passages, layout_loops_ring,
          chequers_serial_rivers_small_3
D:2:      layout_loops_cross, basic_altar
D:3:      layout_loops_ring, serial_shops, nicolae_shop_peninsula
D:4:      old_forge, layout_rooms, mainiacjoe_overflow_chevrons, serial_curves,
          eino_curves_01, eino_curves_02, minmay_joined_circles,
          uniq_blork_the_orc
D:5:      layout_rooms, mainiacjoe_overflow_small_starburst, temple_fountains,
          uniq_eustachio, uniq_sigmund
D:6:      layout_basic, kennysheep_mini_moat,
          mainiacjoe_overflow_six_doors_small,
          nicolae_ru_great_annihilating_truth
D:7:      layout_loops_ring, overflow_temple_1_default,
          mainiacjoe_overflow_large_starburst, eino_jars

Skill      XL: |  1  2  3  4  5  6  7  8  9 |
---------------+----------------------------+-----
Throwing       | 2 3 |  3.9
Fighting       | 2 3 4 6 7 |  7.1
Dodging        | 3 4 |  4.0
Unarmed Combat | 4 5 7 8 |  8.1

Action                     |  1- 3 |  4- 6 |  7- 9 || total
---------------------------+-------+-------+-------++-------
  Melee: Unarmed           |    29 |       |   172 ||   201
         Bite              |    24 |    21 |    70 ||   115
         Dagger            |    33 |       |       ||    33
         Mace              |    19 |    82 |    11 ||   112
         Punch             |       |     2 |    14 ||    16
  Throw: Throwing net      |       |     1 |     2 ||     3
 Invoke: Line Pass         |       |       |     2 ||     2
  Evoke: Wand              |       |       |     1 ||     1
    Use: Potion            |       |     3 |     2 ||     5
         Scroll            |       |       |     5 ||     5
   Stab: Paralysed         |     1 |     3 |    17 ||    21
         Sleeping          |       |     1 |     2 ||     3
 Armour: Leather armour    |     8 |    11 |    42 ||    61
         Ring mail         |     5 |       |       ||     5
         Scale mail        |    15 |     2 |       ||    17
         Skin              |       |     4 |       ||     4
  Dodge: Dodged            |    34 |    50 |   176 ||   260

Table legend: (Time is in decaauts)
 A = Elapsed time spent in this place.
 B = Non-inter-level travel time spent in this place.
 C = Inter-level travel time spent in this place.
 D = Time resting spent in this place.
 E = Time spent auto-exploring this place.
 F = Levels seen in this place.
 G = Mean time per level.
                   A        B        C        D        E       F      G
               +--------+--------+--------+--------+--------+-----+--------+
         Total |   5433 |   5281 |    152 |   1343 |   3006 |   7 |  776.1 |
       Dungeon |   5433 |   5281 |    152 |   1343 |   3006 |   7 |  776.1 |
               +--------+--------+--------+--------+--------+-----+--------+

Top non-repeatable levels by time:
     D:4: 1267 daAuts
     D:1: 893 daAuts
     D:6: 891 daAuts
     D:3: 835 daAuts
     D:2: 712 daAuts
     D:5: 639 daAuts
     D:7: 193 daAuts
